 Dungeon Crawl Stone Soup version 0.32-a0-411-g744942f433 (webtiles) character file.

Game seed: 13020834346029307899

280 adelrune the Covered (level 6, -6/51 HPs)
             Began as an Armataur Fighter on Feb 20, 2024.
             Mangled by Crazy Yiuf
             ... wielding a +3 quarterstaff of chaos
              (12 damage)
             ... on level 2 of the Dungeon.
             The game lasted 00:03:01 (1455 turns).

adelrune the Covered (Armataur Fighter)             Turns: 1455, Time: 00:03:02

Health: -6/51      AC:  3    Str: 23    XL:     6   Next: 5%
Magic:  6/6        EV:  7    Int:  8    God:
Gold:   89         SH:  4    Dex: 10    Spells: 5/5 levels left

rFire   . . .        a - +0 flail
rCold   . . .        c - +0 buckler
rNeg    . . .        b - +0 scale mail
rPois   .            (no helmet)
rElec   .            (no cloak)
rCorr   .            (no gloves)
SInv    .            (no barding)
Will    .....        (no amulet) Stlth
                     (no ring)
HPRegen 0.28/turn    (no ring)
MPRegen 0.10/turn

%: roll
@: corroded
A: large, deformed body, tough skin 3, armoured tail, roll 1
a: no special abilities


You were on level 2 of the Dungeon.
You visited 1 branch of the dungeon, and saw 2 of its levels.

You collected 89 gold pieces.

Inventory:

Hand Weapons
 a - a +0 flail (weapon)
Armour
 b - a +0 scale mail (worn)
 c - a +0 buckler (worn)
Jewellery
 e - a ring of ice
Scrolls
 d - a scroll of teleportation {unknown}
 i - a scroll of amnesia {unknown}
 j - 3 scrolls of identify {unknown}
 k - 2 scrolls of enchant weapon {unknown}
Potions
 f - a potion of haste {unknown}
 g - a potion of magic {unknown}
 h - a potion of curing {unknown}
 l - a potion of mutation {unknown}


   Skills:
 + Level 3.6 Fighting
 * Level 3.9 Maces & Flails
 + Level 4.8 Armour
 + Level 4.5 Shields


You had 5 spell levels left.
You didn't know any spells.
Your spell library contained the following spells:

 Spells                   Type           Power      Damage    Failure   Level
 Sublimation of Blood     Necr           0%         N/A       88%         2
 Petrify                  Alch/Erth      0%         N/A       100%        4
 Irradiate                Conj/Alch      0%         3d11      100%        5


Dungeon Overview and Level Annotations

Branches:
Dungeon (2/15)

Altars:

Annotations:
D:2 Crazy Yiuf


Innate Abilities, Weirdness & Mutations

Armour fits poorly on your strangely shaped body.
You have extremely tough skin. (AC +3)
You have a long armoured tail.
You regenerate magic when rolling toward enemies. (Rampage MPRegen)


Message History

The adder barely misses you. The adder bites you but does no damage.
You closely miss the adder. You tail-slap the adder.
The adder is almost dead.
The adder bites you but does no damage.
You sock the adder!
You kill the adder!
You now have 89 gold pieces (gained 8).
A kobold comes into view. It is wielding a +0 short sword.
The kobold shouts!
You roll towards the kobold!
The kobold throws a stone.
The stone hits you but does no damage.
You roll towards the kobold!
You hit the kobold.
The kobold is moderately wounded.
The kobold hits you with a +0 short sword. x2
You barely miss the kobold. You tail-slap the kobold.
You kill the kobold!
Things that are here:
a +0 short sword; 4 stones
l - a golden potion
Found a hammer.
Found a runed translucent door.
Crazy Yiuf shouts!
You open the door. You closely miss Crazy Yiuf.
Crazy Yiuf screams, "Whippet!"
Crazy Yiuf hits you with a +3 quarterstaff of chaos!
The acid corrodes you!
You hit Crazy Yiuf.
Crazy Yiuf is lightly wounded.
Crazy Yiuf misses you.
You closely miss Crazy Yiuf.
Crazy Yiuf is lightly wounded.
Crazy Yiuf hits you with a +3 quarterstaff of chaos!
You are electrocuted!!
* * * LOW HITPOINT WARNING * * *
Crazy Yiuf hits you with a +3 quarterstaff of chaos!
* * * LOW HITPOINT WARNING * * *
You thump Crazy Yiuf!
Your tail-slap misses Crazy Yiuf.
Crazy Yiuf is severely wounded.
Crazy Yiuf hits you with a +3 quarterstaff of chaos!
You die...

#.######†....#
..# #...### .##
#...# ## #...#
##### # #...#
#÷.)# # #...#
#...# # #...#
... # ###...#
#g# ## #.....#
♣♣@♣ .# #.....#
♣.♣♣ .###
#.....# ♣♣.♣
...###.....#
♣.♣♣
##..##.....#
♣♣.♣♣
###.##.....#
♣...♣♣ #
#..#.....#
♣....♣
##.......#
#....#
###.#######....#


You could see Crazy Yiuf.

Vanquished Creatures
  Sigmund (D:2)
  A gnoll (D:1)
  2 adders
  A dart slug (D:1)
  6 bats
  7 endoplasms
  4 giant cockroaches
  A goblin (D:1)
  3 hobgoblins (D:1)
  4 jackals (D:1)
  7 kobolds
  3 quokkas
  3 ball pythons (D:1)
  A frilled lizard (D:2)
  8 rats (D:1)
52 creatures vanquished.

Notes
Turn   | Place    | Note
-------+----------+-------------------------------------------
     0 | D:1      | adelrune the Armataur Fighter began the quest for the Orb.
     0 | D:1      | Reached XP level 1. HP: 18/18 MP: 1/1
    51 | D:1      | Reached XP level 2. HP: 25/25 MP: 2/2
   223 | D:1      | Reached XP level 3. HP: 26/30 MP: 3/3
   643 | D:1      | Reached XP level 4. HP: 33/38 MP: 4/4
  1223 | D:2      | Noticed Sigmund
  1241 | D:2      | Killed Sigmund
  1242 | D:2      | Reached XP level 5. HP: 45/45 MP: 5/5
  1322 | D:2      | Reached XP level 6. HP: 50/51 MP: 6/6
  1447 | D:2      | Found a runed translucent door.
  1448 | D:2      | Noticed Crazy Yiuf
  1455 | D:2      | Mangled by Crazy Yiuf

Illustrated notes

Levels and vault maps discovered:
D:1:      dpeg_arrival_ratfight, layout_basic, hangedman_feature_mirror
D:2:      layout_basic, st_stairs_10, uniq_sigmund, uniq_crazy_yiuf_cottage

Skill      XL: |  1  2  3  4 |
---------------+-------------+-----
Maces & Flails | 2 3 |  3.9
Armour         | 4 |  4.8
Fighting       | 3 |  3.6
Shields        | 4 |  4.5

Action                     |  1- 3 |  4- 6 || total
---------------------------+-------+-------++-------
  Melee: Flail             |    84 |    52 ||   136
         Tailslap          |    10 |     8 ||    18
    Use: Potion            |       |     1 ||     1
 Armour: Scale mail        |    75 |    55 ||   130
  Dodge: Dodged            |    44 |    23 ||    67
  Block: Buckler           |    21 |    13 ||    34

Table legend: (Time is in decaauts)
 A = Elapsed time spent in this place.
 B = Non-inter-level travel time spent in this place.
 C = Inter-level travel time spent in this place.
 D = Time resting spent in this place.
 E = Time spent auto-exploring this place.
 F = Levels seen in this place.
 G = Mean time per level.
                   A        B        C        D        E       F      G
               +--------+--------+--------+--------+--------+-----+--------+
         Total |   1495 |   1480 |     15 |    193 |    942 |   2 |  747.5 |
       Dungeon |   1495 |   1480 |     15 |    193 |    942 |   2 |  747.5 |
               +--------+--------+--------+--------+--------+-----+--------+

Top non-repeatable levels by time:
     D:1: 1162 daAuts
     D:2: 332 daAuts
